 Dungeon Crawl Stone Soup version 0.24-a0-537-g2d01d4ab0a (webtiles) character file.

Game seed: 10267946266058029011

73 Mithandil the Skirmisher (level 4, -2/35 HPs)
             Began as a Demonspawn Abyssal Knight on Aug 15, 2019.
             Was an Initiate of Lugonu.
             Slain by an iguana (9 damage)
             ... on level 4 of the Dungeon.
             The game lasted 00:13:00 (1949 turns).

Mithandil the Skirmisher (DsAK)                     Turns: 1949, Time: 00:13:01

Health: -2/35      AC:  7    Str: 17    XL:     4   Next: 8%
Magic:  6/6        EV: 10    Int: 14    God:    Lugonu [......]
Gold:   69         SH:  0    Dex: 12    Spells: 3/3 levels left

rFire    . . .     SeeInvis .   a - +1 falchion
rCold    . . .     Gourm    .   (no shield)
rNeg     . . .     Faith    .   m - +1 scale mail
rPois    .         Spirit   .   (no helmet)
rElec    .         Reflect  .   (no cloak)
rCorr    .         Harm     .   (no gloves)
MR       .....                  (no boots)
Stlth    ..........             (no amulet)
HPRegen  0.11/turn              e - +2 ring of strength
MPRegen  0.10/turn              (no ring)

@: lethally poisoned (-2 -> -7)
A: yellow scales 2, deformed body, strong 1
a: Renounce Religion


You were on level 4 of the Dungeon.
You worshipped Lugonu.
Lugonu was noncommittal.
You were not hungry.

You visited 1 branch of the dungeon, and saw 4 of its levels.
You visited the Abyss 1 time.

You collected 69 gold pieces.

Inventory:

Hand Weapons
 a - a +1 falchion (weapon)
 b - a +0 hunting sling
 d - a +0 short sword of speed
Missiles
 g - 38 poisoned darts (quivered)
 h - 36 bolts
 l - 76 stones
Armour
 m - a +1 scale mail (worn)
Jewellery
 e - a +2 ring of strength (left hand)
Scrolls
 i - 5 scrolls of identify
Potions
 j - a potion of heal wounds
Comestibles
 c - 4 rations


   Skills:
 + Level 3.2 Fighting
 * Level 2.5 Long Blades
 + Level 0.8 Slings
 + Level 2.1 Armour
 + Level 1.3 Dodging
 + Level 0.7 Stealth
 + Level 0.8 Unarmed Combat
 + Level 3.0 Invocations


You had 3 spell levels left.
You didn't know any spells.
Your spell library was empty.

Dungeon Overview and Level Annotations

Branches:
Dungeon (4/15)
 Temple: D:4-7

Altars:
Dithmenos
Nemelex Xobeh
Ru

Annotations:
D:4 Robin


Innate Abilities, Weirdness & Mutations

You are mostly covered in yellow scales. (AC +3)
Armour fits poorly on your strangely shaped body.
Your muscles are strong. (Str +2)


Message History

The goblin is severely wounded.
You feel sick. The goblin hits you with a +0 dagger.
The orc hits you with a +0 flail.
You hit the goblin.
You kill the goblin!
Lugonu accepts your kill.
Your Invocations skill increases to level 3!
You feel sick. Robin barely misses you. The orc hits you with a +0 flail.
* * * LOW HITPOINT WARNING * * *
You slash Robin!
Robin is severely wounded.
Robin hits you with a +0 club.
* * * LOW HITPOINT WARNING * * *
The orc hits you with a +0 flail.
* * * LOW HITPOINT WARNING * * *
You hit Robin.
Robin is severely wounded.
You feel sick. Robin throws the goblin at you!
The orc hits you but does no damage. The iguana bites you!
You die...

#..##..#..##.#
........##..#.#
........#...#.#
......?.##....#####
...........g........
...............%....
....................
......?lg..o........
.##..)@o...........
#..g))...#.......
>.........###....###
..##........ ....# .
###....... ...#
##........ #..###..#
#### ###


You could see an iguana, Robin, an orc wizard, an orc, a hobgoblin and a goblin.

Vanquished Creatures
  2 adders (D:2)
  2 worms (D:2)
  2 dart slugs
  2 leopard geckos
  2 orcs (D:4)
  A ball python (D:1)
  2 bats
  A giant cockroach (D:1)
  10 goblins
  2 jackals (D:2)
  A quokka (D:4)
  2 frilled lizards
  7 kobolds
  4 rats
40 creatures vanquished.

Notes
Turn   | Place    | Note
-------+----------+-------------------------------------------
     0 | Abyss:1  | Mithandil the Demonspawn Abyssal Knight began the quest for
                  | the Orb.
     0 | Abyss:1  | Reached XP level 1. HP: 18/18 MP: 2/2
    57 | Abyss:1  | Noticed a raiju
    58 | D:1      | Escaped the Abyss
   191 | D:2      | Reached skill level 1 in Dodging
   222 | D:1      | Gained mutation: You are partially covered in yellow
                  | scales. (AC +2) [demonic ancestry]
   222 | D:1      | Reached XP level 2. HP: 24/24 MP: 3/3
   818 | D:2      | Gained mutation: You are mostly covered in yellow scales.
                  | (AC +3) [demonic ancestry]
   818 | D:2      | Reached XP level 3. HP: 29/29 MP: 3/5
   866 | D:2      | Found a faded altar of an unknown god.
  1247 | D:2      | Found a shadowy altar of Dithmenos.
  1282 | D:2      | Found a sparkling altar of Nemelex Xobeh.
  1382 | D:2      | Gained mutation: Armour fits poorly on your strangely
                  | shaped body. [potion of mutation]
  1382 | D:2      | Gained mutation: Your muscles are strong. (Str +2) [potion
                  | of mutation]
  1587 | D:4      | Found a sacrificial altar of Ru.
  1621 | D:4      | Noticed Robin
  1632 | D:4      | Noticed a scorpion
  1943 | D:4      | Reached XP level 4. HP: 28/35 MP: 6/6
  1949 | D:4      | Slain by an iguana

Levels and vault maps discovered:
D:1:      roderic_crop_circles_arrival_small, layout_basic, minmay_door_square,
          minmay_three_crescents
D:2:      layout_loops_ring, nemelex_xobeh_ov_fountains_minmay,
          grunt_dithmenos_smoke_and_mirrors,
          chequers_ecumenical_altar_simple_redux
D:3:      layout_basic, first_ration, saegor_snake_ambush,
          uniq_crazy_yiuf_cottage
D:4:      layout_cave_pools, eat_drink_and_be_merry_uskayaw, old_standard_altar,
          minmay_temple_entry_nine_rooms, cheibrodos_sewer_entry_bend,
          okawaru_ov_weapons_minmay, uniq_duvessa, uniq_robin

Skill      XL: |  1  2  3  4 |
---------------+-------------+-----
Dodging        | 1 |  1.3
Long Blades    | 2 |  2.5
Armour         | 2 |  2.1
Invocations    | 3 |  3.0
Fighting       | |  3.2
Slings         | |  0.8
Stealth        | |  0.7
Unarmed Combat | |  0.8

Action                   |  1- 3 |  4- 6 || total
-------------------------+-------+-------++-------
Melee: Falchion          |   102 |     6 ||   108
Invok: Depart the Abyss  |     1 |       ||     1
  Use: Scroll            |    10 |       ||    10
       Potion            |     4 |       ||     4
  Eat: Chunk             |     3 |       ||     3
Armor: Leather armour    |     2 |       ||     2
       Scale mail        |    59 |     3 ||    62
Dodge: Dodged            |    56 |     7 ||    63
       Rpst.: Falchion   |    17 |     3 ||    20

Table legend:
 A = Non-vault XP
 B = Vault XP
 C = Vault XP percentage of total XP
 D = Non-vault monster count
 E = Vault monster count
 F = Vault count percentage of total count
                 A         B        C        D         E       F
            +---------+---------+-------+---------+---------+-------
      Total |      88 |      17 |  16.2 |      30 |      10 |  25.0
            +---------+---------+-------+---------+---------+-------
        D:1 |      22 |       9 |  29.0 |      12 |       6 |  33.3
        D:2 |      56 |       0 |   0.0 |      13 |       0 |   0.0
        D:3 |       2 |       2 |  50.0 |       2 |       1 |  33.3
        D:4 |       8 |       6 |  42.9 |       3 |       3 |  50.0
            +---------+---------+-------+---------+---------+-------
